AoeStats
← BSHammer

Pilgrims

508351591Analyzed
4v4 RM · 11d ago on Sep 22, 2026· 46m 58s· 8 players
Game mode
Random Map
Map size
Large (8 player)
Population
200
Speed
Normal
Resources
Standard
Victory
Conquest
Starting age
Dark Age
Ending age
Imperial Age
RankedLock teamsTeams togetherTeam positionsShared explorationLock speedFull tech treeHidden civsTurbo modeCheats
Victory
Defeat
🇨🇳 Spanish · China
1549
+18
🇨🇳 Dravidians · China
1531
+19
🇹🇼 Italians · Taiwan
1521
+19
🇨🇴 Hindustanis · Colombia
1469
+20
🇺🇸 Vikings · United States
1618
-20
🇺🇸 Vikings · United States
1604
-20
🇺🇸 Vikings · United States
1569
-18
🇺🇸 Vikings · United States
1564
-18
快樂 543
4:53 Loom
11:50 Feudal Age
13:04 Double-Bit Axe
13:11 Gold Mining
15:55 Castle Age
14:36 Fletching
16:49 Medium Warships
16:36 Bodkin Arrow
16:30 Town Watch
19:13 Bow Saw
20:00 Ballistics
29:52 Horse Collar
30:37 Padded Archer Armor
34:03 Leather Archer Armor
34:03 Horse Collar
37:22 Wheelbarrow
41:02 Imperial Age
40:08 Squires
39:54 Arson
40:11 Scale Mail Armor
40:21 Forging
40:03 Elite Skirmisher
44:07 Imperial Age
43:13 Thumb Ring
46:26 Chemistry
46:52 Bracer
47:22 Ring Archer Armor
Chigüiro
8:50 Loom
11:33 Feudal Age
15:59 Castle Age
14:11 Fishing Lines
15:45 Forging
16:08 Double-Bit Axe
17:08 Medium Warships
24:42 Gillnets
25:30 Bow Saw
25:03 Horse Collar
25:15 Gold Mining
28:44 Imperial Age
27:40 Scale Barding Armor
28:11 Bloodlines
28:06 Town Watch
29:45 Careening
30:52 Heavy Warships
32:25 Chemistry
33:16 Heavy Plow
35:24 Wheelbarrow
36:19 Thumb Ring
37:40 Padded Archer Armor
38:57 Shatagni
39:47 Siege Engineers
40:02 Leather Archer Armor
42:25 Hand Cart
42:10 Town Patrol
42:40 Conscription
44:33 Ring Archer Armor
44:37 Grand Trunk Road
44:03 Light Cavalry
44:44 Husbandry
45:57 Chain Barding Armor
46:01 Ballistics
45:05 Hussar
47:28 Plate Barding Armor
serendipity
8:49 Loom
10:54 Feudal Age
17:32 Castle Age
15:29 Fishing Lines
16:34 Fletching
18:31 Medium Warships
18:40 Bodkin Arrow
20:26 Double-Bit Axe
22:00 Clinker Construction
23:58 Wheelbarrow
24:01 Ballistics
23:59 Gold Mining
25:35 Careening
28:44 Imperial Age
26:23 Gillnets
28:57 Hand Cart
29:56 Heavy Warships
30:05 Carvel Hull
30:07 Dry Dock
31:55 Siphons
32:28 Bracer
32:28 Padded Archer Armor
33:22 Crossbowman
34:15 Horse Collar
35:55 Bow Saw
35:56 Arbalester
36:58 Town Watch
38:49 Leather Archer Armor
37:57 Elite Elephant Archer
38:55 Stone Mining
40:38 Chemistry
40:17 Thumb Ring
42:10 Ring Archer Armor
41:42 Scale Mail Armor
41:53 Forging
42:58 Conscription
43:34 Medical Corps
43:04 Siege Elephant
44:46 Town Patrol
44:08 Pikeman
44:49 Squires
44:34 Arson
46:13 Two-Man Saw
45:16 Heavy Plow
46:08 Elite Skirmisher
Bz_青红
3:21 Loom
10:37 Feudal Age
11:57 Fletching
12:37 Town Watch
18:14 Castle Age
20:59 Bodkin Arrow
24:32 Padded Archer Armor
26:09 Leather Archer Armor
25:53 Double-Bit Axe
26:09 Horse Collar
30:11 Bow Saw
31:10 Bloodlines
33:20 Wheelbarrow
32:49 Heavy Plow
32:40 Gold Mining
36:27 Hand Cart
40:34 Imperial Age
40:24 Stone Mining
41:38 Conscription
40:39 Elite Conquistador
41:53 Ring Archer Armor
42:04 Husbandry
42:11 Scale Barding Armor
42:34 Light Cavalry
44:14 Chain Barding Armor
43:16 Hussar
46:01 Plate Barding Armor
koriko9397
5:00 Loom
11:53 Feudal Age
12:52 Fishing Lines
15:42 Castle Age
13:40 Double-Bit Axe
17:47 Bow Saw
18:40 Fletching
26:40 Scale Barding Armor
26:45 Forging
28:43 Chain Barding Armor
28:58 Iron Casting
28:43 Horse Collar
31:06 Scale Mail Armor
33:49 Imperial Age
31:51 Town Watch
33:18 Bodkin Arrow
33:24 Padded Archer Armor
33:04 Crossbowman
33:50 Arbalester
34:33 Bogsveigar
34:54 Conscription
34:18 Light Cavalry
35:09 Bracer
35:25 Leather Archer Armor
37:40 Ballistics
39:47 Blast Furnace
39:49 Chemistry
41:52 Ring Archer Armor
41:34 Masonry
Harristotle
3:38 Loom
10:47 Feudal Age
14:52 Castle Age
13:57 Horse Collar
14:17 Double-Bit Axe
15:06 Fletching
16:33 Bodkin Arrow
26:51 Bow Saw
36:29 Imperial Age
34:42 Scale Mail Armor
34:53 Forging
34:51 Squires
34:37 Arson
36:07 Chain Mail Armor
37:40 Conscription
38:20 Iron Casting
39:34 Hoardings
39:17 Padded Archer Armor
40:03 Crossbowman
41:27 Leather Archer Armor
41:13 Bracer
41:42 Arbalester
45:14 Ring Archer Armor
Lucas Ducas
6:52 Loom
9:54 Feudal Age
10:37 Double-Bit Axe
12:09 Town Watch
25:29 Fishing Lines
25:35 Fishing Lines
26:35 Fishing Lines
31:42 Castle Age
29:41 Horse Collar
30:19 Fletching
32:14 Padded Archer Armor
32:21 Bodkin Arrow
31:53 Elite Skirmisher
37:40 Bow Saw
37:49 Padded Archer Armor
38:42 Ballistics
39:52 Leather Archer Armor
BSHammer
5:19 Loom
11:32 Feudal Age
15:32 Castle Age
15:14 Double-Bit Axe
15:23 Fletching
16:10 Bodkin Arrow
20:06 Ballistics
27:21 Careening
Connection lost

Rejoining the realm…

Still unreachable

The connection could not be restored.

Session expired

The server has moved on; the page needs a fresh start.